 Dungeon Crawl Stone Soup version 0.31-a0-1008-g5b978dac0e (webtiles) character file.

Game seed: 4831939518946596725

201535 Revguard the Warrior (level 17, -4/130 (155) HPs)
             Began as a Demonspawn Berserker on Nov 12, 2023.
             Was an Elder of Trog.
             Slain by a pharaoh ant (9 damage)
             ... on level 3 of the Spider Nest on Nov 13, 2023.
             The game lasted 01:38:38 (36280 turns).

Revguard the Warrior (Demonspawn Berserker)        Turns: 36280, Time: 01:38:39

HP:   -4/130 (155)  AC: 33    Str: 20 (24) XL:     17   Next: 91%
MP:   0/17          EV:  7    Int:  7 (10) God:    Trog [****..]
Gold: 599           SH:  0    Dex:  9 (13) Spells: 16/16 levels left

rFire   + . .        T - +3 broad axe
rCold   + + .        (no shield)
rNeg    . . .        K - +1 gold dragon scales
rPois   +            l - +1 helmet
rElec   .            B - scarf {repulsion}
rCorr   .            (gloves unavailable)
SInv    .            D - +2 pair of boots
Will    +++..        A - amulet of regeneration Stlth
                     f - +4 ring of protection
HPRegen 2.21/turn    H - +4 ring of slaying
MPRegen 0.30/turn

%: repel missiles, guardian spirit
@: strong-willed, regenerating, heavily drained
A: yellow scales 2, magic shield, magic regeneration, demonic touch 3, cold
resistance 1, screaming 1
}: 1/15 runes: barnacled
a: Renounce Religion, Berserk, Trog's Hand, Brothers in Arms


You were on level 3 of the Spider Nest.
You worshipped Trog.
Trog was greatly pleased with you.
You visited 6 branches of the dungeon, and saw 31 of its levels.
You also visited: Sewer and Ice Cave.

You collected 2918 gold pieces.
You spent 2319 gold pieces at shops.

Inventory:

Hand Weapons
 y - a +2 hand axe of electrocution
 T - a +3 broad axe (weapon)
Missiles
 z - 8 throwing nets
Armour
 l - a +1 helmet (worn)
 B - a scarf of repulsion (worn)
 D - a +2 pair of boots (worn)
 I - the +1 leather armour of Understanding {rCorr Str+5 Slay+2}
   (You found it on level 11 of the Dungeon)

   Str+5:     It affects your strength (+5).
   Slay+2:    It affects your accuracy & damage with ranged weapons and melee
   (+2).
   rCorr:     It protects you from acid and corrosion.
 K - +1 gold dragon scales (worn)
Jewellery
 d - a ring of flight
 f - a +4 ring of protection (left hand)
 g - a +4 ring of protection
 p - a ring of resist corrosion
 A - an amulet of regeneration (around neck)
 H - a +4 ring of slaying (right hand)
 L - an amulet of reflection
 P - a ring of positive energy
 R - a ring of protection from cold
 S - a ring of see invisible
Wands
 x - a wand of paralysis (14)
 E - a wand of polymorph (3)
 G - a wand of roots (7)
Scrolls
 a - 3 scrolls of torment
 b - 10 scrolls of vulnerability
 j - a scroll of revelation
 n - a scroll of fear
 o - 8 scrolls of teleportation
 q - 8 scrolls of noise
 r - a scroll of blinking
 t - 2 scrolls of silence
 v - 4 scrolls of fog
 F - 2 scrolls of poison
 J - 5 scrolls of immolation
 O - 20 scrolls of identify
Potions
 c - 3 potions of might
 e - 12 potions of curing
 h - 2 potions of mutation
 i - 3 potions of berserk rage
 k - 2 potions of enlightenment
 m - 2 potions of magic
 u - 7 potions of cancellation
 w - 5 potions of lignification
 C - 5 potions of haste
 N - 4 potions of attraction
Miscellaneous
 s - a box of beasts (inert)
 Q - a lightning rod (4/4)


   Skills:
 * Level 20.1 Fighting
 + Level 16.1 Axes
 * Level 13.1 Armour
 + Level 14.5 Dodging
 + Level 12.7 Evocations


You had 16 spell levels left.
You didn't know any spells.
Your spell library was empty.

Dungeon Overview and Level Annotations

Branches:
Dungeon (15/15)            Temple (1/1) D:4            Lair (5/5) D:8
 Shoals (4/4) Lair:3       Spider (4/4) Lair:3        Slime (0/5) Lair:5
    Orc (2/2) D:12            Elf (0/3) Orc:2        Vaults (0/5) D:13
 Depths (0/4) D:15          Sewer (visited)           IceCv (visited)

Altars:
Ashenzari
Cheibriados
Dithmenos
Fedhas
Gozag
Hepliaklqana
Kikubaaqudgha
Makhleb
Nemelex Xobeh
Okawaru
Qazlal
Ru
Sif Muna
Trog
Uskayaw
Vehumet
Wu Jian
Xom
Yredelemnul

Shops:
D:10 **   Orc:2 ??:?:   Shoals:1 *   Shoals:2 [   Shoals:3 *

Portals:
Trove: D:10 (give horn of Geryon)

Annotations:
Spider:3 2 transporters, exclusions: oklob plant and orange crystal statue, Arachne; Hutybuo's ghost, adept HuCj
Spider:4 Kirke


Innate Abilities, Weirdness & Mutations

You are mostly covered in yellow scales. (AC +3)
When hurt, damage is shared between your health and your magic reserves.
You regenerate magic rapidly.
Your touch may irresistibly damage your foes and sap their willpower.
Your flesh is cold resistant. (rC+)
You occasionally shout uncontrollably at your foes.


Message History

You closely miss the culicivora. You hit the pharaoh ant.
The culicivora barely misses you.
The redback bites you but does no damage.
The jumping spider barely misses you.
The jumping spider bites you but does no damage.
The pharaoh ant bites you.
You feel drained. The pharaoh ant bites you.
You hit the culicivora.
The culicivora is lightly wounded.
You hit the pharaoh ant. You slice the pharaoh ant!!
You closely miss the jumping spider. You slash the redback!
The culicivora bites you!
The culicivora draws strength from your injuries!
The redback bites you but does no damage.
The jumping spider pounces on you!
You are caught in a web!
The jumping spider bites you but does no damage.
The pharaoh ant bites you! The pharaoh ant bites you.
The redback bites you but does no damage.
The culicivora bites you but does no damage.
The jumping spider pounces on you but does no damage.
The jumping spider barely misses you. The pharaoh ant bites you!
You feel drained. The pharaoh ant bites you. The culicivora bites you!
The culicivora draws strength from your injuries!
The redback bites you but does no damage.
The jumping spider pounces on you but does no damage.
The jumping spider bites you but does no damage.
Your skin crawls.
You feel strong-willed. The pharaoh ant bites you!!
You feel drained. The pharaoh ant bites you!!
* * * LOW HITPOINT WARNING * * *
You feel drained.
* * * LOW HITPOINT WARNING * * *
The culicivora closely misses you.
The redback bites you but does no damage.
The jumping spider closely misses you. The jumping spider barely misses you.
The pharaoh ant bites you!
* * * LOW HITPOINT WARNING * * *
You feel drained.
* * * LOW HITPOINT WARNING * * *
The pharaoh ant bites you!
You die...

#..#.##..##..###^#.######.....#
#..###..######.....^#.#.#....##
#....#####.......^......#...##
#........#......##^.[..^#....#
#...#...##..##..^##.^..##...###
#...#..##....#####..#.###^....#
#..##.........##...####.#..#.##
#.###.).^...###B....###....###
### #..##.###.@s..####....##
#.†#####.sBs.....#.^...# #.##
#..#..#...##....# ###
##.#..#†.###..###
###.##.^.^^...## ###^.........#
#.....#.#.### ###########


You could see a culicivora, 2 pharaoh ants, a jumping spider and a redback.

Vanquished Creatures
  Jorgrun (Shoals:1)
  Polyphemus (Shoals:4)
  Agnes (Spider:2)
  Donald (Spider:3)
  Aizul (Shoals:3)
  A storm dragon (Shoals:4)
  3 emperor scorpions
  5 ghost moths
  The ghost of Dwachs the Severer, a journeyman FoFi of Zin (Orc:1)
  4 orc warlords
  Nessos (D:12)
  A spark wasp (Spider:3)
  5 merfolk impalers
  3 merfolk javelineers
  Josephine (Lair:3)
  A great orb of eyes (D:15)
  The ghost of kskgo the Cleaver, a journeyman MiBe of Trog (D:11)
  Fannar (D:11)
  2 entropy weavers
  A radroach (Spider:1)
  2 hydras
  A rakshasa (D:15)
  5 centaur warriors
  Erica (D:8)
  A catoblepas (Shoals:4)
  A jorogumo (Spider:1)
  3 merfolk avatars
  2 two-headed ogres
  2 satyrs
  9 death yaks
  5 boulder beetles
  5 merfolk aquamancers
  A death knight (D:14)
  2 demonic crawlers (Spider:2)
  A deep elf knight (D:14)
  10 orc high priests
  5 pharaoh ants
  5 skysharks
  A skeletal warrior (D:13)
  5 sea snakes
  A lindwurm (Lair:2)
  2 deep elf archers
  A deep elf zephyrmancer (D:14)
  3 orb spiders (Spider:2)
  8 harpies
  8 deep elf pyromancers
  12 wolf spiders
  5 steelbarb worms
  5 fauns
  11 orc knights
  18 ugly things
  11 manticores
  5 elephants
  10 cyclopes
  2 black mambas (Lair:2)
  2 torpor snails
  7 merfolk sirens
  3 ice statues (IceCv)
  3 gargoyles
  5 water nymphs
  9 cane toads
  3 centaur skeletons (D:13)
  2 unseen horrors
  4 kobold demonologists
  An anaconda simulacrum (IceCv)
  4 rime drakes
  Psyche (D:11)
  A tengu conjurer (D:13)
  6 komodo dragons
  13 trolls
  A queen bee (shapeshifter) (D:15)
  A polar bear (Lair:5)
  3 meliai (Spider:2)
  21 merfolk
  9 wind drakes
  2 hornets
  12 tarantellas
  8 snapping turtles
  28 blink frogs
  21 dream sheep
  13 slime creatures
  11 jumping spiders
  7 culicivoras
  A shadow (D:9)
  A dire elephant simulacrum (IceCv)
  9 wyverns
  7 air elementals (Shoals:4)
  80 yaks
  23 water elementals
  3 basilisks
  A hog (Spider:3)
  8 wraiths
  17 redbacks
  13 vampire mosquitoes
  2 death yak simulacra (IceCv)
  2 acid dragons (D:11)
  18 wargs
  12 water moccasins
  38 orc warriors
  Pargi (Sewer)
  A sky beast (D:7)
  An ice beast (D:8)
  3 black bears
  18 centaurs
  14 ogres
  An ogre (shapeshifter) (D:13)
  18 wolves
  2 phantoms
  5 kobold brigands
  16 bullfrogs
  A gnoll sergeant (D:8)
  2 cane toad simulacra (IceCv)
  4 scorpions
  8 wights
  14 killer bees
  3 electric eels
  2 howler monkeys (D:11)
  5 hounds
  4 jellies
  Crazy Yiuf (D:5)
  30 orc priests
  A sleepcap (D:5)
  An iguana (D:6)
  23 orc wizards
  8 hell rats
  A polar bear simulacrum (IceCv)
  A boggart skeleton (D:13)
  A wolf simulacrum (IceCv)
  6 gnolls
  6 adders
  4 river rats (Lair:3)
  A shadow imp (D:6)
  A white imp (D:7)
  5 ufetubi
  3 worms
  2 dart slugs
  90 orcs
  4 bats
  3 endoplasms
  15 giant cockroaches
  2 hobgoblins
  2 jackals (D:2)
  6 kobolds
  5 quokkas
  6 ball pythons
  3 frilled lizards
  10 goblins
  6 rats
1011 creatures vanquished.

Vanquished Creatures (collateral kills)
  A merfolk impaler (Shoals:4)
  An entropy weaver (Spider:2)
  A yaktaur captain (D:11)
  3 hydras
  Erolcha (D:11)
  A pharaoh ant (Spider:1)
  A sea snake (Lair:5)
  A manticore (Shoals:4)
  A merfolk siren (Shoals:4)
  3 water nymphs (Shoals:4)
  An unseen horror (D:11)
  A tengu conjurer (D:11)
  A merfolk (Shoals:1)
  4 blink frogs
  2 air elementals (Shoals:4)
  3 redbacks
  3 orcs
29 creatures vanquished.

Vanquished Creatures (others)
  A merfolk aquamancer (Shoals:1)
  A deep elf pyromancer (D:12)
  A merfolk (Shoals:2)
  A wind drake (Lair:5)
  A culicivora (Spider:4)
  2 water elementals (Shoals:4)
  A wolf (Lair:2)
  2 orc wizards
10 creatures vanquished.

Grand Total: 1050 creatures vanquished

Notes
Turn   | Place    | Note
-------+----------+-------------------------------------------
     0 | D:1      | Revguard the Demonspawn Berserker began the quest for the
                  | Orb.
     0 | D:1      | Reached XP level 1. HP: 18/18 MP: 1/1
   175 | D:1      | Gained mutation: Your touch may inflict minor irresistible
                  | damage on your foes. [demonic ancestry]
   175 | D:1      | Reached XP level 2. HP: 13/24 MP: 2/2
   606 | D:1      | Gained mutation: You regenerate magic rapidly. [demonic
                  | ancestry]
   606 | D:1      | Reached XP level 3. HP: 27/29 MP: 3/3
  1044 | D:2      | Reached ** piety under Trog
  1045 | D:2      | Reached skill level 1 in Evocations
  1951 | D:3      | Reached XP level 4. HP: 35/35 MP: 4/4
  2254 | D:4      | Identified the "Wafeps"
  2310 | D:4      | Found a staircase to the Ecumenical Temple.
  2329 | Temple   | Entered the Ecumenical Temple
  2513 | D:4      | Noticed a phantom
  2526 | D:4      | Killed a phantom
  2527 | D:4      | Reached skill level 4 in Fighting
  2527 | D:4      | Reached XP level 5. HP: 42/42 MP: 5/5
  2530 | D:4      | Identified the +4 chain mail of the Divine God {rF- rN+
                  | Dex+5 SInv}
  2975 | D:5      | Entered Level 5 of the Dungeon
  3100 | D:5      | Reached XP level 6. HP: 44/48 MP: 6/6
  3385 | D:5      | Gained mutation: Your touch may inflict irresistible damage
                  | on your foes. [demonic ancestry]
  3385 | D:5      | Reached XP level 7. HP: 55/55 MP: 7/7
  3453 | D:5      | Found a snail-covered altar of Cheibriados.
  3534 | D:5      | Found a runed translucent door.
  3535 | D:5      | Noticed Crazy Yiuf
  3544 | D:5      | Killed Crazy Yiuf
  4059 | D:5      | Gained mutation: You are frail. (-10% HP) [potion of
                  | mutation]
  4059 | D:5      | Gained mutation: You have sharp toenails. [potion of
                  | mutation]
  4060 | D:5      | Lost mutation: You have sharp toenails. [potion of
                  | mutation]
  4060 | D:5      | Lost mutation: You are frail. (-10% HP) [potion of
                  | mutation]
  4060 | D:5      | Gained mutation: Your flesh is cold resistant. (rC+)
                  | [potion of mutation]
  4060 | D:5      | Gained mutation: You occasionally shout uncontrollably at
                  | your foes. [potion of mutation]
  4109 | D:6      | Noticed a rust devil
  4109 | D:6      | Noticed a rust devil
  4124 | D:6      | Reached skill level 5 in Fighting
  4446 | D:6      | Found a radiant altar of Vehumet.
  4446 | D:6      | Found a stormy altar of Qazlal.
  4453 | D:6      | Found a hazy altar of Hepliaklqana.
  4456 | D:6      | Found a sparkling altar of Nemelex Xobeh.
  4458 | D:6      | Found an ancient bone altar of Kikubaaqudgha.
  4463 | D:6      | Found a burning altar of Makhleb.
  4534 | D:6      | Found a glowing drain.
  4548 | Sewer    | Entered a sewer
  4551 | Sewer    | Noticed Pargi
  4555 | Sewer    | Killed Pargi
  4556 | Sewer    | Reached skill level 5 in Axes
  4649 | Sewer    | Reached *** piety under Trog
  4726 | D:6      | Noticed a wyvern
  4737 | D:6      | Gained mutation: You are partially covered in yellow
                  | scales. (AC +2) [demonic ancestry]
  4737 | D:6      | Reached XP level 8. HP: 63/63 MP: 8/8
  4745 | D:6      | Reached skill level 6 in Fighting
  5671 | D:7      | Reached XP level 9. HP: 50/71 MP: 9/9
  5802 | D:7      | Reached skill level 7 in Fighting
  6140 | D:8      | Found a staircase to the Lair.
  6730 | D:8      | Noticed Erica
  6741 | D:8      | Killed Erica
  6742 | D:8      | Reached skill level 8 in Fighting
  6742 | D:8      | Reached skill level 5 in Armour
  6742 | D:8      | Reached skill level 5 in Dodging
  6742 | D:8      | Reached skill level 5 in Evocations
  7018 | D:8      | Noticed an angel
  7093 | D:9      | Identified the of Keeheufu
  7154 | D:9      | Gained mutation: When hurt, damage is shared between your
                  | health and your magic reserves. [demonic ancestry]
  7154 | D:9      | Reached XP level 10. HP: 80/80 MP: 10/10
  7547 | D:9      | Reached **** piety under Trog
  7689 | D:9      | Reached skill level 9 in Fighting
  7986 | D:10     | Entered Level 10 of the Dungeon
  8023 | D:10     | Found Pummiuh's Mass Market.
  8202 | D:10     | Found Cial's General Store.
  8388 | D:10     | Found a portal to a secret trove of treasure.
  8443 | D:10     | Reached XP level 11. HP: 62/89 MP: 5/11
  8739 | D:11     | Noticed Erolcha
  8750 | D:11     | Killed Erolcha
  8833 | D:11     | Found a blossoming altar of Fedhas.
  8841 | D:11     | Reached skill level 10 in Fighting
  8913 | D:11     | Noticed a yaktaur captain
  8913 | D:11     | Noticed kskgo's ghost (journeyman MiBe)
  8922 | D:11     | Found a runed translucent gate.
  8922 | D:11     | Found a runed translucent gate.
  8922 | D:11     | Found a runed translucent gate.
  8926 | D:11     | Noticed a sixfirhy
  8995 | D:11     | Identified the +1 leather armour of Understanding {rCorr
                  | Str+5 Slay+2}
  9302 | D:11     | Noticed Fannar
  9319 | D:11     | Killed Fannar
  9427 | D:11     | Noticed Psyche
  9434 | D:11     | Killed Psyche
  9657 | D:11     | Killed a yaktaur captain
  9670 | D:11     | Reached skill level 10 in Axes
  9675 | D:11     | Killed kskgo's ghost
  9843 | D:12     | Noticed Nessos
  9843 | D:12     | Noticed a deep elf pyromancer
  9843 | D:12     | Noticed a two-headed ogre
  9843 | D:12     | Noticed a deep elf pyromancer
  9852 | D:11     | Killed a deep elf pyromancer
  9853 | D:11     | Reached XP level 12. HP: 74/99 MP: 10/12
  9937 | D:11     | Killed a two-headed ogre
  9938 | D:11     | Reached skill level 11 in Fighting
 10206 | D:12     | Killed Nessos
 10245 | D:12     | Found a staircase to the Orcish Mines.
 11982 | D:13     | Noticed a centaur warrior
 11992 | D:13     | Killed a centaur warrior
 11993 | D:13     | Reached skill level 12 in Fighting
 12012 | D:13     | Reached ***** piety under Trog
 12026 | D:13     | Reached XP level 13. HP: 53/108 MP: 6/13
 12420 | D:13     | Found a gate to the Vaults.
 14190 | D:15     | Entered Level 15 of the Dungeon
 14202 | D:15     | Reached skill level 13 in Fighting
 14290 | D:15     | Reached skill level 10 in Dodging
 14443 | D:15     | Found a staircase to the Depths.
 15499 | D:15     | Reached XP level 14. HP: 118/118 MP: 8/14
 15630 | D:15     | Found a shimmering blue altar of Sif Muna.
 16250 | IceCv    | Identified the "Qaiz"
 16250 | Orc:1    | Identified the "Waimpiah"
 16250 | Orc:1    | Entered Level 1 of the Orcish Mines
 16266 | Orc:1    | Noticed an orc warlord
 16283 | Orc:1    | Noticed an orc warlord
 16825 | Orc:1    | Noticed an orc warlord
 16832 | D:12     | Killed an orc warlord
 16834 | D:12     | HP: 5/178 [orc knight/+0 dire flail (9)]
 17140 | D:12     | Killed an orc warlord
 17141 | D:12     | Reached skill level 14 in Fighting
 17282 | Orc:1    | Killed an orc warlord
 17780 | Orc:1    | Found a runed translucent gate.
 17781 | Orc:1    | Found a runed translucent gate.
 17781 | Orc:1    | Found a runed translucent gate.
 17783 | Orc:1    | Identified the +4 chain mail "Epsec" {Harm Rampage Drain
                  | rPois rF+}
 17783 | Orc:1    | Noticed Dwachs's ghost (journeyman FoFi)
 17828 | Orc:1    | Killed Dwachs's ghost
 17836 | Orc:1    | Reached skill level 10 in Evocations
 17856 | Orc:1    | Identified the +2 pair of gloves of Action {MP-9 Str+2
                  | Stlth+}
 17858 | Orc:1    | Identified the +2 pair of gloves of the Kettle-Drum {Will+
                  | Str+3}
 18210 | Orc:2    | Entered Level 2 of the Orcish Mines
 18225 | Orc:2    | Noticed an orc warlord
 18249 | Orc:1    | Killed an orc warlord
 19228 | Orc:2    | Found Egiufry's Magic Scroll Shoppe.
 19228 | Orc:2    | Found Ramurourch's Magic Scroll Shop.
 19233 | Orc:2    | Reached skill level 10 in Armour
 19251 | Orc:2    | Bought a scroll of blinking for 82 gold pieces
 19261 | Orc:2    | Bought a scroll of acquirement for 520 gold pieces
 19270 | Orc:2    | Acquired an amulet of reflection
 19542 | Orc:2    | Reached skill level 15 in Fighting
 19550 | Orc:2    | Found Baal Zig's Magic Scroll Shoppe.
 19550 | Orc:2    | Found Qavyumux's Book Shop.
 19580 | Orc:2    | Found Kismay's Self-Improvement Boutique.
 19612 | Orc:2    | Found a staircase to the Elven Halls.
 20027 | Lair:1   | Entered Level 1 of the Lair of Beasts
 20055 | Lair:1   | Found a frozen archway.
 20067 | IceCv    | Entered an ice cave
 20204 | IceCv    | Gained mutation: Your touch may irresistibly damage your
                  | foes and sap their willpower. [demonic ancestry]
 20204 | IceCv    | Reached XP level 15. HP: 129/129 MP: 15/15
 20824 | Lair:1   | Identified the +4 ring mail of Tacarphof {rPois}
 21283 | Lair:2   | You fall into a shaft and drop 2 floors!
 22098 | Lair:5   | Entered Level 5 of the Lair of Beasts
 22120 | Lair:5   | Reached skill level 16 in Fighting
 22125 | Lair:4   | HP: 4/131 [poisoned by a sea snake]
 22130 | Lair:4   | HP: 5/131 [poisoned by a sea snake]
 22564 | Lair:5   | Found a staircase to the Slime Pits.
 23852 | Lair:3   | Found a staircase to the Shoals.
 24512 | Lair:3   | Noticed Josephine
 24519 | Lair:3   | Killed Josephine
 24520 | Lair:3   | Reached skill level 17 in Fighting
 24538 | Lair:3   | Received a gift from Trog
 24539 | Lair:3   | Found a hole to the Spider Nest.
 25339 | Lair:2   | Gained mutation: You are mostly covered in yellow scales.
                  | (AC +3) [demonic ancestry]
 25339 | Lair:2   | Reached XP level 16. HP: 118/141 MP: 12/16
 25733 | Lair:2   | Reached skill level 15 in Axes
 26743 | Shoals:1 | Entered Level 1 of the Shoals
 26743 | Shoals:1 | Found Touw's General Store.
 26763 | Shoals:1 | Bought an amulet of regeneration for 390 gold pieces
 27188 | Shoals:1 | Noticed Jorgrun
 27212 | Shoals:1 | Killed Jorgrun
 28344 | Shoals:2 | Reached skill level 18 in Fighting
 28772 | Shoals:2 | Received a gift from Trog
 29374 | Shoals:2 | Found Garshasp's Dragon-Slaying Spoils.
 29381 | Shoals:2 | Bought +0 gold dragon scales for 1200 gold pieces
 30318 | Shoals:3 | Identified the serpent talisman "Pegeisat" {rPois Dex+4
                  | Stlth-}
 30318 | Shoals:3 | Noticed Aizul
 30335 | Shoals:3 | Killed Aizul
 30794 | Shoals:3 | Found Yqotian's General Store.
 30797 | Shoals:3 | Bought a scroll of enchant weapon for 127 gold pieces
 31042 | Shoals:4 | Identified the "Reeviw"
 31042 | Shoals:4 | Entered Level 4 of the Shoals
 31227 | Shoals:4 | Paralysed by an air elemental for 1 turns
 31230 | Shoals:4 | Paralysed by an air elemental for 1 turns
 31388 | Shoals:4 | Paralysed by an air elemental for 1 turns
 31394 | Shoals:4 | Paralysed by an air elemental for 1 turns
 31476 | Shoals:4 | Paralysed by an air elemental for 1 turns
 31480 | Shoals:4 | Paralysed by an air elemental for 1 turns
 31490 | Shoals:4 | Paralysed by an air elemental for 1 turns
 31498 | Shoals:4 | Noticed Polyphemus
 31518 | Shoals:4 | Killed Polyphemus
 31519 | Shoals:4 | Reached skill level 19 in Fighting
 31705 | Shoals:4 | Reached XP level 17. HP: 27/153 MP: 3/17
 31887 | Shoals:4 | Paralysed by an air elemental for 1 turns
 31889 | Shoals:4 | Paralysed by an air elemental for 1 turns
 31894 | Shoals:4 | Paralysed by an air elemental for 1 turns
 31993 | Shoals:4 | Got a barnacled rune of Zot
 32033 | Shoals:4 | Paralysed by an air elemental for 1 turns
 32367 | Shoals:4 | Paralysed by an air elemental for 1 turns
 32414 | Shoals:4 | Paralysed by an air elemental for 1 turns
 32420 | Shoals:4 | Paralysed by an air elemental for 1 turns
 32822 | Spider:1 | Entered Level 1 of the Spider Nest
 33696 | Spider:1 | Identified the +7 arbalest of the Hills {penet, rN+ Will+
                  | Dex+5 Stlth+}
 34081 | Spider:2 | You fall into a shaft and drop 1 floor!
 34408 | Spider:2 | Noticed Agnes
 34420 | Spider:2 | Killed Agnes
 34421 | Spider:2 | Reached skill level 20 in Fighting
 35405 | Spider:3 | Noticed Arachne
 35422 | Spider:3 | Noticed Hutybuo's ghost (adept HuCj)
 35432 | Spider:3 | Found a transporter.
 35434 | Spider:3 | Found a transporter.
 35527 | Spider:4 | Entered Level 4 of the Spider Nest
 35527 | Spider:4 | Noticed Donald
 35706 | Spider:4 | Noticed Kirke
 35786 | Spider:3 | Killed Donald
 36280 | Spider:3 | HP: 6/134 [pharaoh ant (13)]
 36280 | Spider:3 | Slain by a pharaoh ant

Illustrated notes

Levels and vault maps discovered:
D:1:      elethiomel_arrival_maze, layout_rooms
D:2:      layout_loops_ring
D:3:      layout_loops_corners
D:4:      minmay_evil_eye, layout_rooms, minmay_temple_entry_glass,
          corexii_hall_statues_u, st_stairs_8
D:5:      layout_basic, cheibrodos_worm_habitat, uniq_crazy_yiuf_cottage
D:6:      cheibrodos_iron_armory, layout_loops_ring,
          nicolae_overflow_hallway_of_the_gods, gup_sewer_entry_pipe,
          minmay_diced_spiral
D:7:      layout_loops_ring, enter_bailey_8, hangedman_abyss_or_decor_stabs,
          st_stairs_14
D:8:      layout_basic, zin_angel, lair_entry_dummy, uniq_erica
D:9:      layout_roguey, minmay_misc_feat_alley, palyth_stone_intersect
D:10:     layout_rooms, nicolae_trove_entry_isolated, serial_shops, shop,
          minmay_shop_mass, serial_bayou_pond_e, interstate_on_off
D:11:     layout_irregular_city, gammafunk_ghost_split, fedhas_altar_1,
          uniq_psyche, uniq_erolcha, uniq_fannar
D:12:     layout_loops_ring, minmay_orc_entry_guard_dogs, uniq_nessos
D:13:     layout_roguey, hangedman_vaults_entry_quadrant_bands, elyvilon_altar_5
D:14:     layout_roguey, serial_glass, glass_columns_c, glass_columns_a,
          hex_intersection, chequers_serial_rivers_small_a
D:15:     gammafunk_enter_depths_forms, layout_long_grid, lemuel_blue_sif_altar
Temple:   nicolae_temple_ecumenical_triangle
Lair:1:   layout_misc_corridors, portal_ice_cave_rime, grunt_megastairs_1
Lair:2:   layout_loops_ring, serial_bayou_crossing, grunt_megastairs_3
Lair:3:   layout_loops_ring, nicolae_shoals_entry_roost,
          nicolae_spider_entry_non_spiders, st_stairs_4,
          kennysheep_abandoned_house, uniq_josephine
Lair:4:   layout_long_grid
Lair:5:   gammafunk_lair_ancient_temple, layout_gridlike, slime_entry_1,
          infiniplex_staircase_pool_2
Shoals:1: layout_shoals, serial_shops, shop, uniq_jorgrun
Shoals:2: layout_shoals, nicolae_shop_dragon_depot
Shoals:3: layout_shoals, serial_shops, nicolae_shop_behind_doors,
          nicolae_shoals_arrival_archipelago, uniq_aizul
Shoals:4: shoals_end_hellmonk_storm_palace [storm_palace_center_square,
          storm_palace_corner_pillars, storm_palace_corner_reverse_hut,
          storm_palace_corner_reverse_hut, storm_palace_corner_pillars],
          uniq_polyphemus
Spider:1: layout_spider_delve, hangedman_spider_tarantella_strand
Spider:2: layout_spider_delve, uniq_agnes
Spider:3: layout_spider_delve, nzn_ghost_randoct, drop_trap
Spider:4: guppyfry_spider_rune, uniq_kirke, uniq_donald
Orc:1:    layout_caves, biasface_ghost_orc_armoury, minmay_orc_treasury
Orc:2:    st_orc_town, layout_caves, nicolae_shop_self_help

Skill      XL: |  1  2  3  4  5  6  7  8  9 10 11 12 13 14 15 16 17 |
---------------+----------------------------------------------------+-----
Dodging        | 2 3 4 5 6 7 9 10 11 13 14 | 14.5
Armour         | 2 3 4 5 6 7 8 9 10 12 13 | 13.1
Axes           | 3 4 5 6 7 8 10 11 12 13 14 15 16 | 16.1
Evocations     | 1 2 3 4 5 6 7 8 9 10 11 12 | 12.7
Fighting       | 4 5 6 8 9 10 12 13 15 17 19 20 | 20.1

Action                     |  1- 3 |  4- 6 |  7- 9 | 10-12 | 13-15 | 16-18 || total
---------------------------+-------+-------+-------+-------+-------+-------++-------
  Melee: Hand axe          |    93 |    81 |   248 |   546 |   729 |       ||  1697
         Touch             |    10 |    13 |    52 |   106 |   281 |   194 ||   656
         Punch             |     1 |     1 |     6 |     9 |    19 |    15 ||    51
         Broad axe         |       |       |       |       |   528 |  1028 ||  1556
 Invoke: Berserk           |     1 |     2 |     9 |     6 |    19 |    16 ||    53
         Trog's Hand       |       |     1 |     7 |     4 |    20 |    27 ||    59
         Brothers in Arms  |       |       |       |     3 |     9 |     6 ||    18
  Evoke: Wand              |       |       |       |     6 |    24 |    36 ||    66
         Lightning rod     |       |       |       |       |     1 |     7 ||     8
         Box of beasts     |       |       |       |       |     1 |     4 ||     5
    Use: Scroll            |     3 |    11 |     5 |     3 |    10 |    12 ||    44
         Potion            |       |       |     4 |     2 |     3 |     9 ||    18
   Stab: Sleeping          |     1 |     1 |       |       |       |       ||     2
         Distracted        |       |       |       |       |     2 |       ||     2
         Invisible         |       |       |       |       |       |    11 ||    11
         Petrifying        |       |       |       |       |       |     1 ||     1
         Paralysed         |       |       |       |       |       |     5 ||     5
 Armour: Animal skin       |    44 |       |       |       |       |       ||    44
         Leather armour    |    22 |    64 |    20 |   267 |   895 |    79 ||  1347
         Ring mail         |       |       |   152 |       |       |   197 ||   349
         Scale mail        |       |       |    53 |   258 |       |       ||   311
         Gold dragon scale |       |       |       |       |       |  1530 ||  1530
  Dodge: Dodged            |    67 |    60 |   151 |   463 |   954 |   696 ||  2391
         Repelled          |       |       |     1 |     3 |     9 |    11 ||    24
  Block: Other             |       |       |       |       |   166 |   108 ||   274
         Reflection        |       |       |       |       |       |     2 ||     2

Table legend: (Time is in decaauts)
 A = Elapsed time spent in this place.
 B = Non-inter-level travel time spent in this place.
 C = Inter-level travel time spent in this place.
 D = Time resting spent in this place.
 E = Time spent auto-exploring this place.
 F = Levels seen in this place.
 G = Mean time per level.
                   A        B        C        D        E       F      G
               +--------+--------+--------+--------+--------+-----+--------+
         Total |  36236 |  34925 |   1311 |   5192 |  22485 |  33 | 1098.1 |
       Dungeon |  17189 |  16700 |    489 |   1750 |  11785 |  15 | 1145.9 |
        Temple |      1 |      1 |      0 |      0 |      0 |   1 |    1.0 |
          Lair |   6407 |   6130 |    277 |    518 |   4365 |   5 | 1281.4 |
        Shoals |   5980 |   5818 |    162 |    803 |   3829 |   4 | 1495.0 |
   Spider Nest |   3437 |   3170 |    267 |    773 |   1635 |   4 |  859.2 |
  Orcish Mines |   2670 |   2557 |    113 |   1112 |    758 |   2 | 1335.0 |
         Sewer |    153 |    153 |      0 |      0 |    100 |   1 |  153.0 |
      Ice Cave |    396 |    396 |      0 |    235 |     12 |   1 |  396.0 |
               +--------+--------+--------+--------+--------+-----+--------+

Top non-repeatable levels by time:
    D:12: 2334 daAuts
    D:15: 1943 daAuts
   Orc:1: 1767 daAuts
  Lair:3: 1691 daAuts
Shoals:4: 1658 daAuts
Spider:3: 1496 daAuts
    D:11: 1484 daAuts
Shoals:2: 1476 daAuts
    D:14: 1456 daAuts
Shoals:1: 1433 daAuts
Shoals:3: 1412 daAuts
  Lair:5: 1399 daAuts
  Lair:2: 1360 daAuts
    D:13: 1228 daAuts
     D:5: 1156 daAuts
